 Dungeon Crawl Stone Soup version 0.29.1-15-g9cfb28693d (webtiles) character file.

Game seed: 2377253486865328624

3005 manyhoops the Covert (level 9, -8/87 HPs)
             Began as an Octopode Transmuter on Apr 9, 2023.
             Mangled by a two-headed ogre
             ... wielding a +0 giant club
              (28 damage)
             ... on level 8 of the Dungeon.
             The game lasted 00:20:16 (11185 turns).

manyhoops the Covert (Octopode Transmuter)         Turns: 11185, Time: 00:20:17

Health: -8/87      AC: 24    Str: 13    XL:     9   Next: 84%
Magic:  25/25      EV:  2    Int: 16    God:
Gold:   129        SH:  0    Dex: 12    Spells: 8/17 levels left

rFire   + . .      SeeInvis .     - Unarmed
rCold   . . .      Faith    .   (no shield)
rNeg    . . .      Spirit   .   (helmet currently unavailable)
rPois   +          Reflect  .   (no amulet)
rElec   .          Harm     .   e - ring of magical power
rCorr   .          Rampage  .   i - ring of protection from fire
Will    .....      NoTele   +   (no ring)
Stlth   ++++......              (no ring)
HPRegen 0.24/turn               (no ring)
MPRegen 0.19/turn               (no ring)
                                (no ring)
                                (no ring)

@: tree-form
A: stationary, stasis, torment immunity, boosted hp, almost no armour,
(amphibious), 8 rings, (camouflage 1), (gelatinous body 1), (nimble swimmer 1),
(tentacles)
a: no special abilities


You were on level 8 of the Dungeon.
You were a tree.
You visited 2 branches of the dungeon, and saw 9 of its levels.
You also visited: Sewer.

You collected 244 gold pieces.
You spent 115 gold pieces at shops.

Inventory:

Armour
 r - a +2 hat (melded)
Jewellery
 e - a ring of magical power (left branch)
 i - a ring of protection from fire (right branch)
 o - a ring of fire
Wands
 t - a wand of mindburst (3)
Scrolls
 b - 2 scrolls of poison
 k - 3 scrolls of identify
 l - a scroll of teleportation
 n - a scroll of blinking
 p - 2 scrolls of vulnerability
 q - 2 scrolls of fear
Potions
 a - 2 potions of haste
 c - a potion of curing
 d - 2 potions of mutation
 f - 2 potions of magic
 h - a potion of brilliance {unknown}
 j - a potion of resistance
 s - a potion of degeneration {unknown}


   Skills:
 + Level 4.0 Fighting
 - Level 2.0 Dodging
 - Level 9.1 Stealth
 * Level 6.3 Unarmed Combat
 - Level 4.8 Spellcasting
 - Level 5.3 Transmutations
 - Level 6.0 Ice Magic


You had 8 spell levels left.
You knew the following spells:

 Your Spells              Type           Power      Damage    Failure   Level
a - Beastly Appendage     Tmut           42%        N/A       1%          1
b - Wereblood             Tmut           21%        N/A       2%          2
c - Ice Form              Ice/Tmut       22%        N/A       14%         4
d - Passwall              Tmut/Erth      10%        N/A       8%          2

Your spell library contained the following spells:

 Spells                   Type           Power      Damage    Failure   Level
 Necrotise                Necr           12%        1d4       16%         1
 Sandblast                Erth           6%         2d5       16%         1
 Spider Form              Tmut/Pois      12%        N/A       16%         3
 Static Discharge         Conj/Air       3%         3-4/arc   24%         2
 Stone Arrow              Conj/Erth      6%         3d7       43%         3
 Vampiric Draining        Necr           3%         2d6       43%         3
 Dispel Undead            Necr           3%         3d7       83%         4
 Sticky Flame             Conj/Fire      3%         2d3       83%         4
 Agony                    Necr           3%         N/A       99%         5
 Lehudib's Crystal Spear  Conj/Erth      1%         10d2      100%        8
 Animate Armour           Summ/Erth      Unusable   N/A       N/A         4

Dungeon Overview and Level Annotations

Branches:
Dungeon (8/15)             Temple (1/1) D:6           Sewer (visited)
   Lair: D:8-11

Altars:
Ashenzari
Cheibriados
Elyvilon
Fedhas
Hepliaklqana
Kikubaaqudgha
Makhleb
Nemelex Xobeh
Okawaru
Ru
Sif Muna
Trog
Uskayaw
Vehumet
Wu Jian
Xom
Yredelemnul
The Shining One

Shops:
D:1 **(?*


Innate Abilities, Weirdness & Mutations

You are a tree.
Your roots penetrate the ground, keeping you stationary.
You cannot be teleported.
You are immune to unholy pain and torment.
Your maximum health is greatly increased.
You cannot wear most types of armour.
((You are amphibious.))
You can wear up to eight rings at the same time.
((Your skin changes colour to match your surroundings (Stealth+).))
((Your rubbery body absorbs attacks. (AC +1, EV +1)))
((You are camouflaged when in or above water. (Stealth+)))
((You have tentacles for arms and can constrict up to eight enemies at once.))


Message History

No target in view!
Found a stone staircase leading up.
Found an escape hatch in the ceiling.
Found a pair of gloves.
Found an escape hatch in the floor.
A two-headed ogre comes into view. It is wielding two +0 giant clubs.
The two-headed ogre shouts in stereo!
You hear a shout! x4
You hear an angry hiss.
Aiming: Mindburst
Press: ? - help, Shift-Dir - straight line, f - two-headed ogre
Aim: a two-headed ogre, wielding two +0 giant clubs (chance to affect: 47%)
The two-headed ogre's minds are blasted!
Aiming: Mindburst
Press: ? - help, Shift-Dir - straight line, f/p - two-headed ogre
Aim: a two-headed ogre, wielding two +0 giant clubs (lightly wounded, chance to affect: 47%)
The two-headed ogre resists with some effort.
Aiming: Mindburst
Press: ? - help, Shift-Dir - straight line, f/p - two-headed ogre
Aim: a two-headed ogre, wielding two +0 giant clubs (lightly wounded, chance to affect: 47%)
The two-headed ogre resists with some effort.
Okay, then.
A steam dragon comes into view.
The two-headed ogre attacks as you move away!
The two-headed ogre hits you with a +0 giant club!!
The two-headed ogre hits you with a +0 giant club!
Really quaff the potion of lignification?
You warm up again.
Your +2 hat unmelds from your body.
You turn into a tree.
Your +2 hat melds into your body.
Your roots penetrate the ground.
The two-headed ogre hits you with a +0 giant club! x2
* * * LOW HITPOINT WARNING * * *
Unknown command.
You hit the two-headed ogre.
The two-headed ogre is lightly wounded.
Unknown command.
Okay, then.
You smack the two-headed ogre!
The two-headed ogre is moderately wounded.
The two-headed ogre hits you with a +0 giant club!!
You die...

*.[.......# #...#.#.#,,
*....<....######.......#,,
*****##.......................
*,,,,#........#######<......#.
*,,,,,.####...#*,* ##......#, *
*,,,,,** #.#.#*,****#..###.#, *
*,,,,** #.#...,,,,*#....,...
****,,,,* #.####.#*,*#...#..#.
*,,,,,*** #..♣.#*#*,*#....,.,.
*,***** #####O# *,,,,,...,,, ,,,*
#.....# *,,**,,,,*,, **,* #.##..#
*,,,,,,,,,,, **,* #######.....#
*,,,,,,,,***
*,**##.......#...#*******,,,,***
*,**.....>.......#,,,,,,,,,,,,,,
**,**,#.####.###.......,,,,*,,,,,
,*,,,,#................,**,,,,,,,


You could see a two-headed ogre.

Vanquished Creatures
  A yak (D:7)
  Menkaure (D:5)
  Duvessa (D:5)
  2 sky beasts (D:7)
  3 ice beasts
  2 black bears
  An ogre (D:5)
  A phantom (D:6)
  3 kobold brigands (Sewer)
  Blork the orc (D:5)
  A gnoll sergeant (D:6)
  3 scorpions
  2 bullfrogs
  Dowan (D:5)
  5 wights (D:3)
  3 hounds
  2 gnoll boudas
  2 orc priests
  Crazy Yiuf (D:5)
  Terence (D:3)
  Ijyb (D:5)
  3 iguanas
  3 orc wizards
  18 gnolls
  9 adders
  A shadow imp (D:6)
  2 white imps
  An ufetubus (D:5)
  5 worms
  A dart slug (D:2)
  19 orcs
  9 ball pythons
  3 bats
  4 endoplasms
  3 giant cockroaches
  7 goblins
  6 hobgoblins
  4 jackals
  21 kobolds
  A quokka (D:3)
  6 frilled lizards
  8 rats
172 creatures vanquished.

Vanquished Creatures (collateral kills)
  A gnoll sergeant (D:6)
1 creature vanquished.

Vanquished Creatures (others)
  3 plants (Sewer)
3 creatures vanquished.

Grand Total: 176 creatures vanquished

Notes
Turn   | Place    | Note
-------+----------+-------------------------------------------
     0 | D:1      | manyhoops the Octopode Transmuter began the quest for the
                  | Orb.
     0 | D:1      | Reached XP level 1. HP: 13/13 MP: 3/3
    49 | D:1      | Found Hussexze's Assorted Antiques.
   164 | D:1      | Reached XP level 2. HP: 18/18 MP: 3/5
   214 | D:1      | Found Inoeseng's Weapon Emporium.
   318 | D:1      | Found a faded altar of an unknown god.
   374 | D:1      | Found Xumast's Magic Scroll Shop.
   726 | D:1      | Found Suqiol's Assorted Antiques.
   750 | D:1      | Learned a level 2 spell: Wereblood
   847 | D:1      | Found Betaezxink's General Store.
  1262 | D:2      | Identified the +4 spear "Rustreome" {flame, Str+3 Dex+3
                  | Stlth-}
  1278 | D:2      | Reached XP level 3. HP: 9/24 MP: 6/6
  1775 | D:2      | Reached XP level 4. HP: 29/29 MP: 7/7
  2278 | D:3      | Found a glowing drain.
  2292 | Sewer    | Entered a sewer
  2336 | Sewer    | Reached skill level 1 in Stealth
  2364 | Sewer    | Noticed a kobold brigand
  2364 | Sewer    | Noticed a kobold brigand
  2376 | Sewer    | Killed a kobold brigand
  2377 | Sewer    | Reached skill level 3 in Stealth
  2377 | Sewer    | Reached XP level 5. HP: 18/36 MP: 8/8
  2381 | Sewer    | Killed a kobold brigand
  2382 | Sewer    | Reached skill level 5 in Stealth
  2382 | Sewer    | Reached XP level 6. HP: 13/42 MP: 9/9
  2815 | Sewer    | Reached skill level 6 in Stealth
  2854 | D:3      | Reached skill level 7 in Stealth
  2856 | D:3      | Reached XP level 7. HP: 42/46 MP: 10/10
  2860 | D:3      | Reached skill level 8 in Stealth
  3229 | D:3      | Noticed Terence
  3240 | D:3      | Killed Terence
  3418 | D:3      | Reached skill level 9 in Stealth
  3428 | D:3      | Learned a level 4 spell: Ice Form
  3431 | D:3      | Learned a level 2 spell: Passwall
  4431 | D:4      | Reached skill level 1 in Ice Magic
  4889 | D:5      | Entered Level 5 of the Dungeon
  5136 | D:5      | Noticed Ijyb
  5325 | D:5      | Noticed Duvessa
  5325 | D:5      | Noticed Dowan
  5391 | D:5      | Killed Ijyb
  5392 | D:5      | Reached XP level 8. HP: 41/52 MP: 11/11
  5415 | D:5      | Identified the +0 pair of gloves of the Monkey {Int+4}
  6058 | D:5      | Noticed Blork the orc
  6070 | D:5      | Killed Blork the orc
  6506 | D:5      | Killed Duvessa
  6513 | D:5      | Killed Dowan
  6616 | D:5      | Found a runed translucent door.
  6617 | D:5      | Noticed Crazy Yiuf
  6848 | D:5      | Reached skill level 5 in Ice Magic
  7162 | D:5      | Noticed Menkaure
  7173 | D:5      | Killed Menkaure
  7204 | D:5      | Identified the +0 ring mail "Kibug" {Rampage rC+}
  7808 | D:6      | Found a staircase to the Ecumenical Temple.
  8018 | D:6      | Reached XP level 9. HP: 46/56 MP: 12/12
  8019 | D:6      | Reached skill level 5 in Transmutations
  9540 | D:1      | Bought a glowing copper ring for 115 gold pieces
  9648 | Temple   | Entered the Ecumenical Temple
  9835 | D:5      | Killed Crazy Yiuf
 10316 | D:7      | Reached skill level 5 in Unarmed Combat
 11168 | D:8      | Noticed a two-headed ogre
 11185 | D:8      | Mangled by a two-headed ogre

Illustrated notes

Levels and vault maps discovered:
D:1:      zelgadis_glass_arrival_small, layout_rooms,
          dreamdust_ecumenical_altar_hidden_monk_grotto, serial_shops, shop,
          nicolae_shop_behind_doors, nicolae_shop_window_shopping, shop_statue,
          shop, hangedman_decor_clover_reticule, minmay_misc_feat_more_columns,
          chequers_serial_rivers_large_a, chequers_serial_rivers_micro_c
D:2:      layout_loops_ring, serial_bayou_pond_e
D:3:      layout_loops_corners, cheibrodos_sewer_entry_drain, uniq_terence
D:4:      layout_rooms
D:5:      layout_loops_ring, uniq_blork_the_orc, uniq_menkaure,
          uniq_crazy_yiuf_cottage, uniq_ijyb, uniq_duvessa
D:6:      layout_cave_pools, minmay_temple_entry_sparse_star
D:7:      layout_gridville, kennysheep_generic_room_9
D:8:      layout_basic, enter_bailey_3, minmay_manual_monolith, uniq_gastronok
Temple:   hc_temple_tempest_star

Skill      XL: |  1  2  3  4  5  6  7  8  9 |
---------------+----------------------------+-----
Fighting       | 2 3 4 |  4.0
Unarmed Combat | 4 6 |  6.3
Stealth        | 3 5 7 9 |  9.1
Ice Magic      | 2 6 |  6.0
Transmutations | 3 4 5 |  5.3
Spellcasting   | 4 |  4.8
Dodging        | |  2.0

Action                   |  1- 3 |  4- 6 |  7- 9 || total
-------------------------+-------+-------+-------++-------
Melee: Unarmed           |    38 |       |    44 ||    82
       Kick              |     5 |    13 |    38 ||    56
       Constrict         |     5 |    14 |    36 ||    55
       Tentacles         |     6 |     8 |    36 ||    50
       Spear             |     9 |    74 |   298 ||   381
       Punch             |       |     1 |    10 ||    11
 Cast: Beastly Appendage |    13 |    15 |    41 ||    69
       Wereblood         |     2 |     9 |    19 ||    30
       Ice Form          |       |       |     8 ||     8
Evoke: Wand              |       |       |    19 ||    19
  Use: Potion            |     2 |       |     9 ||    11
       Scroll            |       |     3 |    12 ||    15
 Stab: Sleeping          |     3 |     3 |     9 ||    15
       Paralysed         |       |       |    17 ||    17
Armor: Skin              |     7 |     3 |    85 ||    95
Dodge: Dodged            |    25 |    27 |   135 ||   187
